 Dungeon Crawl Stone Soup version 0.17.1-3-g152610e (webtiles) character file.

4672 Inkary the Fighter (level 10, 0/96 HPs)
             Began as a Hill Orc Fighter on Apr 7, 2016.
             Was a Follower of Beogh.
             Slain by a hill giant
             ... wielding a +0 giant spiked club
              (12 damage)
             ... on level 9 of the Dungeon.
             The game lasted 01:02:44 (7858 turns).

Inkary the Fighter (Hill Orc Fighter)               Turns: 7858, Time: 01:02:44

Health: 0/96       AC: 16    Str: 21    XL:     10   Next: 44%
Magic:  11/11      EV:  3    Int:  8    God:    Beogh [*.....]
Gold:   552        SH: 12    Dex: 12    Spells: 0 memorised, 9 levels left

rFire  + + .     SeeInvis +     B - +1 hand axe (chop)
rCold  + + .     Clarity  .     C - +3 scale mail {rF+}
rNeg   . . .     SustAt   .     c - +0 shield
rPois  +         Gourm    .     f - +0 helmet
rElec  +         Spirit   .     k - +2 cloak
rCorr  +         Warding  .     (no gloves)
rMut   .         Stasis   +     (no boots)
MR     .....                    w - amulet of stasis
Stlth  ..........               u - ring of protection from cold
                                l - ring of see invisible

@: resistant, not resistant to hostile enchantments, extremely unstealthy
A: no striking features
a: Renounce Religion


You were on level 9 of the Dungeon.
You worshipped Beogh.
Beogh was aware of your devotion.
You were not hungry.

You visited 2 branches of the dungeon, and saw 10 of its levels.

You collected 552 gold pieces.

Inventory:

Hand Weapons
 B - a +1 hand axe of chopping (weapon)
Armour
 c - a +0 shield (worn)
 f - a +0 helmet (worn)
 k - a +2 cloak (worn)
 C - a +3 scale mail of fire resistance (worn)
Jewellery
 h - an uncursed ring of protection from fire
 l - a ring of see invisible (left hand)
 s - an uncursed ring of poison resistance
 u - a ring of protection from cold (right hand)
 w - an amulet of stasis (around neck)
 y - an uncursed ring of flight
Wands
 b - a wand of digging (14)
 m - a wand of random effects (24)
 n - a wand of slowing (24)
 x - a wand of teleportation (5)
 E - a wand of random effects (21)
 F - a wand of random effects (33)
Scrolls
 a - 3 scrolls of teleportation
 d - a scroll of blinking
 p - 4 scrolls of remove curse
 D - a scroll of identify
 G - a scroll of noise {unknown}
 I - a scroll of brand weapon {unknown}
Potions
 j - a potion of curing
 o - a potion of resistance
 q - a potion of haste
 r - a potion of flight
 z - a potion of agility {unknown}
 A - a potion of cure mutation
 H - a potion of mutation {unknown}
Comestibles
 e - 4 bread rations
 g - a chunk of flesh
 i - 5 meat rations
 t - a fruit
 v - 6 beef jerkies


   Skills:
 * Level 11.4 Fighting
 + Level 9.5 Axes
 + Level 6.9 Armour
 - Level 8.5 Shields
   Level 2.0 Charms
 + Level 1.5 Evocations


You had 9 spell levels left.
You didn't know any spells.

Dungeon Overview and Level Annotations

Branches:
Dungeon (9/15)             Temple (1/1) D:4
   Lair: D:8-11         Orc: D:9-12

Altars:
Ashenzari
Cheibriados
Dithmenos
Elyvilon
Fedhas
Gozag
Kikubaaqudgha
Makhleb
Nemelex Xobeh
Okawaru
Qazlal
Ru
Trog
Xom
Yredelemnul
Zin
The Shining One


Message History

You hit the hill giant but do no damage.
The hill giant is lightly wounded.
The hill giant hits you but does no damage.
You hit the hill giant.
The hill giant is moderately wounded.
You hit the hill giant.
The hill giant is moderately wounded.
The hill giant hits you with a giant spiked club!!!
You hit the hill giant but do no damage.
The hill giant is moderately wounded.
You block the hill giant's attack.
You barely miss the hill giant.
The hill giant is moderately wounded.
You hit the hill giant.
The hill giant is moderately wounded.
The hill giant hits you with a giant spiked club!!
* * * LOW HITPOINT WARNING * * *
There is a stone staircase leading down here.
The hill giant hits you with a giant spiked club!
You die...

...............................<#
#################################
#...................#
#.#################.# # #....#
#.# # #####....# #.#
#########........# #.#
..........###...C# #.#
.........[......@# #.#
...............#.# #.#
..############.#.# #.# .....
..#.# #.# ...### ####.# #.# ...#
#.. #.# ...# ### #.# ...# #)#
#.## #.#


You could see a hill giant.

Vanquished Creatures
  The ghost of oldnick the Thaumaturge, a novice DEWz of Sif Muna (D:8)
  A komodo dragon (shapeshifter) (D:9)
  The ghost of MsStandart the Slasher, an amateur HuGl of Elyvilon (D:4)
  Sigmund (D:3)
  A wyvern (D:9)
  4 yaks
  A vampire mosquito (D:9)
  Menkaure (D:7)
  A hippogriff (D:9)
  A sky beast (D:8)
  3 phantoms
  3 centaurs
  4 ogres
  A crocodile (D:9)
  3 giant frogs
  A water moccasin skeleton (D:6)
  A scorpion (D:9)
  3 killer bees (D:7)
  A centaur zombie (D:9)
  A crimson imp (D:8)
  7 hounds
  3 jellies
  Crazy Yiuf (D:7)
  A centaur skeleton (D:9)
  5 iguanas
  5 worker ants
  4 orc wizards
  A killer bee zombie (D:9)
  A mummy (D:4)
  A hound skeleton (D:4)
  Robin (D:4)
  A river rat (D:9)
  14 adders
  2 shadow imps (D:9)
  An ooze (D:4)
  An adder skeleton (D:8)
  4 worms
  9 giant geckos
  30 orcs
  3 bats
  4 giant cockroaches
  15 goblins
  8 hobgoblins
  15 jackals
  3 quokkas
  2 ball pythons
  A giant gecko skeleton (D:6)
  3 giant newts
  A jackal skeleton (D:5)
  3 kobolds
  12 rats
196 creatures vanquished.

Vanquished Creatures (others)
  An orc priest (D:6)
  An orc (D:6)
  2 giant cockroaches (D:6)
  A fungus (D:9)
  A plant (D:9)
6 creatures vanquished.

Grand Total: 202 creatures vanquished

Notes
Turn   | Place    | Note
--------------------------------------------------------------
     0 | D:1      | Inkary the Hill Orc Fighter began the quest for the Orb.
     0 | D:1      | Reached XP level 1. HP: 19/19 MP: 1/1
    95 | D:1      | Reached XP level 2. HP: 22/27 MP: 2/2
   853 | D:2      | Reached skill level 4 in Fighting
   853 | D:2      | Reached XP level 3. HP: 33/33 MP: 3/3
   874 | D:2      | Found a sacrificial altar of Ru.
  1359 | D:3      | Reached XP level 4. HP: 40/40 MP: 4/4
  1455 | D:3      | Noticed Sigmund
  1475 | D:3      | Killed Sigmund
  1475 | D:3      | Reached XP level 5. HP: 28/47 MP: 5/5
  1475 | D:3      | Reached XP level 6. HP: 32/55 MP: 6/6
  2180 | D:4      | Found a stormy altar of Qazlal.
  2183 | D:4      | Noticed a water elemental
  2185 | D:4      | Noticed an air elemental
  2185 | D:4      | Noticed a fire elemental
  2219 | D:4      | Reached skill level 5 in Fighting
  2302 | D:4      | Reached skill level 5 in Shields
  2319 | D:4      | Noticed Robin
  2338 | D:4      | Killed Robin
  2338 | D:4      | Reached skill level 5 in Axes
  2379 | D:4      | Reached skill level 5 in Armour
  2451 | D:4      | Reached XP level 7. HP: 49/61 MP: 7/7
  2470 | D:4      | Found a staircase to the Ecumenical Temple.
  2475 | D:4      | Noticed MsStandart's ghost (amateur HuGl)
  2899 | D:4      | Killed MsStandart's ghost
  2899 | D:4      | Reached skill level 6 in Axes
  2917 | Temple   | Entered the Ecumenical Temple
  3314 | D:5      | Entered Level 5 of the Dungeon
  3406 | D:5      | Reached skill level 7 in Shields
  3406 | D:5      | Reached XP level 8. HP: 36/69 MP: 8/8
  4184 | D:5      | Found a sparkling altar of Nemelex Xobeh.
  4318 | D:6      | Became a worshipper of Beogh the Brigand
  4783 | D:5      | Reached skill level 8 in Shields
  4783 | D:5      | Reached XP level 9. HP: 67/80 MP: 9/9
  4819 | D:6      | Learned a level 2 spell: Swiftness
  5332 | D:6      | Found a burning altar of Makhleb.
  5334 | D:6      | Found a glowing silver altar of Zin.
  5334 | D:6      | Found a basalt altar of Yredelemnul.
  5431 | D:7      | Noticed Menkaure
  5446 | D:7      | Killed Menkaure
  5449 | D:7      | Reached * piety under Beogh
  5694 | D:7      | Reached skill level 1 in Charms
  6124 | D:7      | Reached skill level 9 in Fighting
  6292 | D:7      | Found a glowing golden altar of the Shining One.
  6341 | D:7      | Noticed Crazy Yiuf
  6346 | D:7      | Paralysed by Crazy Yiuf for 5 turns
  6355 | D:7      | Killed Crazy Yiuf
  6772 | D:8      | Noticed oldnick's ghost (novice DEWz)
  6811 | D:8      | Killed oldnick's ghost
  6811 | D:8      | Reached skill level 10 in Fighting
  6924 | D:8      | Found a snail-covered altar of Cheibriados.
  7132 | D:8      | Found an iron altar of Okawaru.
  7143 | D:8      | Reached XP level 10. HP: 94/94 MP: 10/10
  7562 | D:9      | Reached skill level 11 in Fighting
  7664 | D:9      | Reached skill level 1 in Evocations
  7684 | D:9      | Reached ** piety under Beogh
  7761 | D:9      | Noticed a hill giant
  7858 | D:9      | Slain by a hill giant

Action                   |  1- 3 |  4- 6 |  7- 9 | 10-12 || total
-------------------------+-------+-------+-------+-------++-------
Melee: War axe           |   115 |   149 |   149 |       ||   413
       Hand axe          |       |       |   335 |   135 ||   470
Invok: Convert to Beogh  |       |       |     1 |       ||     1
       Smiting           |       |       |       |     2 ||     2
  Use: Scroll            |     4 |     1 |    13 |     1 ||    19
       Potion            |       |     2 |    10 |     3 ||    15
  Eat: Chunk             |     2 |     3 |     5 |       ||    10
       Bread ration      |       |       |     2 |     1 ||     3
       Beef jerky        |       |       |     2 |       ||     2
       Fruit             |       |       |     1 |       ||     1
